AoeStats
← juu

Black Forest

508944151Analyzed
4v4 RM · 8d ago on Sep 24, 2026· 51m 24s· 8 players
Game mode
Random Map
Map size
Large (8 player)
Population
200
Speed
Normal
Resources
Standard
Victory
Conquest
Starting age
Dark Age
Ending age
Imperial Age
RankedLock teamsTeams togetherTeam positionsShared explorationLock speedFull tech treeHidden civsTurbo modeCheats
Victory
Defeat
🇫🇮 Teutons · Finland
1511
+10
🇫🇮 Cumans · Finland
1456
+12
🇫🇮 Khmer · Finland
1397
+15
🇫🇮 Armenians · Finland
1346
+16
🇳🇱 Romans · Netherlands
1385
-14
🇨🇳 Vietnamese · China
1370
-13
🇮🇹 Persians · Italy
1365
-13
🇮🇹 Turks · Italy
1361
-13
sdk
0:27 Loom
10:40 Feudal Age
11:24 Double-Bit Axe
14:32 Wheelbarrow
22:48 Castle Age
21:19 Fletching
22:39 Fishing Lines
23:46 Bow Saw
26:05 Bodkin Arrow
26:48 Town Watch
28:09 Gillnets
29:38 Town Watch
30:44 Gold Mining
35:18 Hand Cart
36:30 Horse Collar
36:20 Demolition Ship
38:48 Heavy Plow
39:39 Man-at-Arms
40:21 Scale Mail Armor
45:52 Imperial Age
46:05 Heavy Scorpion
48:20 Ballistas
49:46 Siege Engineers
50:42 Chemistry
50:03 Ballistics
50:54 Conscription
Les Choristes
8:57 Loom
11:05 Feudal Age
15:39 Castle Age
13:29 Fishing Lines
14:22 Double-Bit Axe
16:54 Bow Saw
19:59 Wheelbarrow
19:34 Gillnets
25:57 Stone Mining
26:00 Gold Mining
26:11 Fletching
26:22 Padded Archer Armor
27:09 Bodkin Arrow
27:04 Horse Collar
27:56 Leather Archer Armor
27:22 Crossbowman
29:57 Heavy Plow
33:32 Imperial Age
31:26 Thumb Ring
31:44 Ballistics
32:41 Hand Cart
32:36 Scale Barding Armor
34:20 Bracer
34:50 Ring Archer Armor
35:22 Chemistry
34:56 Paper Money
34:43 Husbandry
34:53 Bloodlines
35:01 Elite Battle Elephant
36:03 Chain Barding Armor
35:54 Forging
37:37 Stone Shaft Mining
37:51 Plate Barding Armor
37:55 Town Watch
38:47 Iron Casting
38:12 Scale Mail Armor
40:21 Chatras
41:09 Siege Engineers
42:38 Chain Mail Armor
43:58 Plate Mail Armor
43:34 Squires
43:55 Pikeman
45:00 Murder Holes
44:58 Halberdier
47:38 Masonry
Wendysocute
7:23 Loom
10:54 Feudal Age
11:26 Double-Bit Axe
14:23 Castle Age
12:37 Horse Collar
21:01 Wheelbarrow
21:17 Bow Saw
24:07 Hand Cart
24:12 Heavy Plow
28:06 Imperial Age
25:34 Gold Mining
25:37 Stone Mining
26:00 Husbandry
26:11 Bloodlines
27:05 Scale Barding Armor
27:10 Forging
27:48 Gold Shaft Mining
27:27 Town Watch
28:06 Chain Barding Armor
27:56 Cavalier
29:36 Iron Casting
29:50 Crop Rotation
29:50 Conscription
29:18 Savar
31:41 Onager
35:56 Two-Man Saw
35:35 Plate Barding Armor
37:53 Blast Furnace
37:59 Ballistics
38:39 Chemistry
37:36 Fletching
37:47 Padded Archer Armor
39:08 Thumb Ring
39:04 Murder Holes
39:20 Masonry
45:28 Bodkin Arrow
45:48 Leather Archer Armor
45:40 Heavy Camel Rider
Lyy
6:19 Loom
11:35 Feudal Age
12:12 Man-at-Arms
12:40 Arson
17:13 Fletching
21:55 Castle Age
20:35 Stone Mining
21:39 Horse Collar
21:46 Double-Bit Axe
43:44 Imperial Age
juu
11:04 Feudal Age
14:45 Castle Age
12:47 Double-Bit Axe
14:38 Fishing Lines
19:31 Wheelbarrow
19:22 Bow Saw
20:07 Gillnets
21:19 Gold Mining
21:11 Horse Collar
23:23 Stone Mining
23:58 Loom
24:53 Hand Cart
26:15 Gold Shaft Mining
26:18 Stone Shaft Mining
26:40 Heavy Plow
26:56 Town Watch
30:46 Imperial Age
30:23 Ballistics
31:06 Town Patrol
31:20 Bloodlines
31:11 Husbandry
31:04 Fletching
31:14 Padded Archer Armor
32:26 Conscription
33:31 Chemistry
32:52 Leather Archer Armor
33:09 Conscription
33:39 Caravan
34:25 Double Crossbow
34:28 Tusk Swords
34:24 Elite Ballista Elephant
37:01 Scale Barding Armor
41:21 Chain Barding Armor
40:58 Bodkin Arrow
44:17 Plate Barding Armor
43:46 Bracer
45:34 Masonry
45:20 Murder Holes
46:06 Hoardings
tiksa
9:36 Feudal Age
10:30 Double-Bit Axe
10:27 Horse Collar
20:27 Castle Age
19:19 Wheelbarrow
19:41 Scale Barding Armor
19:47 Bloodlines
19:49 Forging
20:20 Gold Mining
21:49 Chain Barding Armor
22:24 Iron Casting
27:37 Iron Casting
35:40 Imperial Age
33:43 Loom
34:14 Hand Cart
33:44 Town Watch
35:12 Caravan
35:40 Bow Saw
35:32 Heavy Plow
36:10 Gold Shaft Mining
35:54 Cavalier
37:57 Plate Barding Armor
38:23 Blast Furnace
37:48 Paladin
39:23 Pikeman
40:03 Squires
40:04 Scale Mail Armor
41:05 Coinage
41:16 Chain Mail Armor
43:03 Stone Mining
43:50 Banking
migouu
1:23 Loom
9:56 Feudal Age
11:09 Double-Bit Axe
10:53 Man-at-Arms
11:23 Arson
11:23 Man-at-Arms
14:38 Fletching
15:22 Long Swordsman
18:48 Forging
28:58 Castle Age
27:37 Gold Mining
29:36 Two-Handed Swordsman
30:04 Gambesons
30:21 Scale Mail Armor
34:34 Wheelbarrow
34:02 Champion
37:04 Bow Saw
37:12 Chain Mail Armor
38:20 Iron Casting
37:42 Horse Collar
38:44 Pikeman
39:25 Squires
39:31 Squires
39:46 Heavy Plow
40:05 Hand Cart
39:55 Halberdier
45:41 Imperial Age
46:50 Gold Shaft Mining
48:11 Caravan
Genitaali
0:40 Loom
9:56 Feudal Age
10:40 Double-Bit Axe
15:11 Fletching
25:19 Castle Age
23:44 Town Watch
25:41 Wheelbarrow
24:57 Gold Mining
24:59 Stone Mining
26:04 Horse Collar
26:45 Bow Saw
26:34 Bodkin Arrow
29:01 Fortified Wall
32:18 Wheelbarrow
31:29 Town Watch
35:05 Imperial Age
35:20 Wheelbarrow
34:30 Town Watch
34:52 Scale Mail Armor
35:02 Forging
36:07 Chain Mail Armor
35:14 Pikeman
35:56 Squires
35:41 Gambesons
36:02 Squires
36:43 Hand Cart
36:38 Gold Mining
36:54 Heavy Plow
37:12 Hand Cart
37:24 Halberdier
38:53 Plate Mail Armor
38:58 Iron Casting
39:23 Iron Casting
42:26 Blast Furnace
42:48 Chemistry
42:14 Town Patrol
43:59 Two-Man Saw
43:01 Heavy Plow
43:25 Conscription
43:16 Stone Mining
43:36 Siege Engineers
47:22 Padded Archer Armor
48:18 Leather Archer Armor
50:26 Ironclad
Connection lost

Rejoining the realm…

Still unreachable

The connection could not be restored.

Session expired

The server has moved on; the page needs a fresh start.